 Dungeon Crawl Stone Soup version 0.29.1-1-gd02db6906a (webtiles) character file.

Game seed: 9564302452466717647

200 drewk1942 the Slasher (level 5, 0/39 HPs)
             Began as a Merfolk Gladiator on Oct 10, 2022.
             Killed by divine providence
             ... invoked by an orc priest
              (9 damage)
             ... on level 4 of the Dungeon.
             The game lasted 00:05:21 (3307 turns).

drewk1942 the Slasher (Merfolk Gladiator)           Turns: 3307, Time: 00:05:22

Health: 0/39       AC:  4    Str: 16    XL:     5   Next: 78%
Magic:  5/5        EV: 13    Int:  7    God:
Gold:   132        SH:  5    Dex: 16    Spells: 4/4 levels left

rFire   . . .      SeeInvis .   m - +0 falchion
rCold   . . .      Faith    .   (no shield)
rNeg    . . .      Spirit   .   b - +0 leather armour
rPois   .          Reflect  +   c - +0 helmet
rElec   .          Harm     .   (no cloak)
rCorr   .          Rampage  .   (no gloves)
Will    .....                   (no boots)
Stlth   +.........              u - amulet of reflection
HPRegen 0.13/turn               (no ring)
MPRegen 0.09/turn               (no ring)

@: no status effects
A: (nimble swimmer 2), mertail
a: no special abilities


You were on level 4 of the Dungeon.
You visited 1 branch of the dungeon, and saw 4 of its levels.

You collected 227 gold pieces.
You spent 95 gold pieces at shops.

Inventory:

Hand Weapons
 a - a +0 long sword
 m - a +0 falchion (weapon)
Missiles
 d - 3 throwing nets (quivered)
 e - a javelin
Armour
 b - a +0 leather armour (worn)
 c - a +0 helmet (worn)
Jewellery
 j - an amulet of guardian spirit
 u - an amulet of reflection (around neck)
Wands
 y - a wand of mindburst (3)
Scrolls
 f - 7 scrolls of identify
 g - 2 scrolls of enchant weapon
 k - 3 scrolls of amnesia {unknown}
 l - 3 scrolls of teleportation {unknown}
 o - a scroll of enchant armour {unknown}
 q - a scroll of torment {unknown}
 r - a scroll of noise {unknown}
 s - a scroll of magic mapping {unknown}
 w - a scroll of fog {unknown}
 x - a scroll of acquirement {unknown}
 z - a scroll of silence {unknown}
Potions
 h - a potion of magic {unknown}
 i - 2 potions of mutation {unknown}
 n - a potion of lignification {unknown}
 p - a potion of resistance {unknown}
 t - a potion of brilliance {unknown}
 v - a potion of flight {unknown}


   Skills:
 - Level 2.6 Fighting
 + Level 5.6 Long Blades
 + Level 4.0 Throwing
 - Level 4.4 Dodging


You had 4 spell levels left.
You didn't know any spells.
Your spell library contained the following spells:

 Spells                   Type           Power      Damage    Failure   Level
 Magic Dart               Conj           0%         1d3       50%         1
 Searing Ray              Conj           0%         2d4       65%         2
 Ozocubu's Armour         Ice            0%         N/A       86%         3
 Fulminant Prism          Conj/Hex       0%         3d6       99%         4
 Iskenderun's Battlesphe  Conj           0%         2d6       100%        5
 Iron Shot                Conj/Erth      0%         9d1       100%        6
 Ozocubu's Refrigeration  Ice            0%         4d7       100%        7
 Spellforged Servitor     Conj/Summ      0%         N/A       100%        7


Dungeon Overview and Level Annotations

Branches:
Dungeon (4/15)             Temple (0/1) D:4

Altars:

Shops:
D:4 ?


Innate Abilities, Weirdness & Mutations

((You are very nimble when in or above water. (Stealth+, EV+, Speed+++)))
Your lower body shifts to a powerful aquatic tail in water.


Message History

The orc priest misses you.
You closely miss the orc priest. The orc priest hits you with a +0 whip.
You closely miss the orc priest. The orc priest completely misses you.
You hit the orc priest.
The orc priest is moderately wounded.
The orc priest looks satisfied for a moment.
You hit the orc priest.
The orc priest is heavily wounded.
The orc priest hits you with a +0 whip.
An orc wizard opens the door.
You slash the orc priest!
You kill the orc priest!
Your Throwing skill increases to level 4!
An orc comes into view. It is wielding a +0 club.
The orc shouts!
The orc wizard casts a spell at you. The puff of flame hits you.
The orc wizard hits you with a +0 dagger.
You barely miss the orc wizard.
An orc comes into view. It is wielding a +0 dagger.
The orc wizard hits you but does no damage.
An orc comes into view. It is wielding a +0 flail.
The orc shouts! x2
You slash the orc wizard!
The orc wizard is heavily wounded.
You hear a shout!
The orc hits you with a +0 club. You block the orc wizard's attack.
You hit the orc wizard.
The orc wizard is almost dead.
The orc wizard hits you with a +0 dagger.
* * * LOW HITPOINT WARNING * * *
The orc hits you but does no damage. The orc attacks as you move away!
The orc misses you.
The orc wizard attacks as you move away!
The orc wizard closely misses you. The orc attacks as you move away!
The orc barely misses you.
An orc priest comes into view. It is wielding a +0 whip.
The orc priest shouts!
The orc priest calls down the wrath of Beogh upon you.
Beogh smites you!
You die...

## ####+###+#### ...
............# ....
....>...>...#.....
......).....'.....
........@o.o#
.........o..#
...######'###
########+####.....#
#.................#
..+.................#
..#.................o..
..#...##...##.......##..
..#...###+########### ..


You could see an orc priest, an orc wizard and 2 orcs.

Vanquished Creatures
  An orc priest (D:4)
  An orc wizard (D:3)
  6 adders
  3 worms
  3 dart slugs
  8 orcs (D:3)
  10 ball pythons
  2 endoplasms (D:2)
  3 giant cockroaches
  3 goblins (D:2)
  5 hobgoblins
  A jackal (D:1)
  4 quokkas
  8 bats
  2 frilled lizards
  7 kobolds
  4 rats
71 creatures vanquished.

Vanquished Creatures (others)
  2 plants (D:1)
2 creatures vanquished.

Grand Total: 73 creatures vanquished

Notes
Turn   | Place    | Note
-------+----------+-------------------------------------------
     0 | D:1      | drewk1942 the Merfolk Gladiator began the quest for the
                  | Orb.
     0 | D:1      | Reached XP level 1. HP: 16/16 MP: 1/1
   105 | D:1      | Reached XP level 2. HP: 13/23 MP: 2/2
   615 | D:1      | Reached skill level 4 in Long Blades
  1037 | D:2      | Reached XP level 3. HP: 28/28 MP: 3/3
  1647 | D:2      | Reached XP level 4. HP: 32/34 MP: 4/4
  2144 | D:3      | Reached skill level 5 in Long Blades
  2397 | D:3      | Reached XP level 5. HP: 39/39 MP: 5/5
  3265 | D:4      | Found Ublooh's Magic Scroll Shop.
  3268 | D:4      | Bought a scroll of identify for 20 gold pieces
  3268 | D:4      | Bought a scroll of enchant weapon for 75 gold pieces
  3290 | D:4      | Found a staircase to the Ecumenical Temple.
  3307 | D:4      | Killed from afar by an orc priest

Illustrated notes

Levels and vault maps discovered:
D:1:      spicycebolla_green_bress_n_ham, layout_basic, reono_crystal_passage,
          amcnicky_mini_corridor_feature, minmay_misc_feat_tower,
          serial_bayou_pond_b, minmay_misc_feat_diagonals
D:2:      layout_rooms, minmay_split_cup_small
D:3:      layout_loops_cross
D:4:      layout_gridville, nzn_wu_jian_contemplation,
          minmay_temple_entry_proselytizer, serial_shops, nicolae_stop_n_shop_1,
          minmay_statues_item

Skill      XL: |  1  2  3  4  5 |
---------------+----------------+-----
Long Blades    | 4 5 |  5.6
Throwing       | 3 4 |  4.0
Fighting       | |  2.6
Dodging        | |  4.4

Action                   |  1- 3 |  4- 6 || total
-------------------------+-------+-------++-------
Melee: Long sword        |    38 |       ||    38
       Falchion          |    74 |   134 ||   208
       Punch             |     2 |       ||     2
Throw: Throwing net      |       |     1 ||     1
 Stab: Sleeping          |     1 |     2 ||     3
Armor: Leather armour    |    28 |    31 ||    59
Dodge: Dodged            |    97 |    85 ||   182
Block: Other             |     8 |    36 ||    44
